TOP OF THE 1ST |
Hagerstown Suns batting - Pitching for Peoria Chiefs : RHP Kevon Jamison
|
Pitching: RHP Kevon Jamison
|
|
Batting: RHB Victor Cintron
|
0-0: Called Strike 0-1: Ball 1-1: Foul Ball, location: 2F 1-2: Strikes out looking
|
Batting: SHB Gabe Fraunfelder
|
0-0: Ground out U3 (Groundball, 34, EV 86.9 MPH)
|
Batting: RHB Jim Miske
|
0-0: Foul Ball, location: 2F 0-1: Called Strike 0-2: Strikes out looking
|
Top of the 1st over - 0 runs, 0 hits, 0 errors, 0 left on base; Hagerstown 0 - Peoria 0 |
BOTTOM OF THE 1ST |
Peoria Chiefs batting - Pitching for Hagerstown Suns : RHP Chris Close
|
Pitching: RHP Chris Close
|
|
Batting: LHB Ken Compton
|
0-0: Foul Ball, location: 2F 0-1: Ball 1-1: SINGLE (Groundball, 4D, EV 105.0 MPH)
|
Batting: LHB Ichiro Toyota
|
0-0: Ball 1-0: Ball 2-0: Foul Ball, location: 2F 2-1: Foul Ball, location: 2F 2-2: Fly out, F5 (Popup, 56S, EV 78.8 MPH)
|
Batting: RHB Mark Cahill
|
0-0: Called Strike 0-1: Ball 1-1: Foul Ball, location: 2F 1-2: Ball 2-2: Ball Ken Compton is caught stealing 2nd base 2-4 3-2: Fly out, F8 (Flyball, 89M, EV 90.6 MPH)
|
Bottom of the 1st over - 0 runs, 1 hit, 0 errors, 0 left on base; Hagerstown 0 - Peoria 0 |
TOP OF THE 2ND |
Hagerstown Suns batting - Pitching for Peoria Chiefs : RHP Kevon Jamison
|
Batting: LHB Nate Melendez
|
0-0: Ball 1-0: Called Strike 1-1: Ball 2-1: Ball 3-1: Base on Balls
|
Batting: RHB Slavik Nebrodov
|
0-0: Fielders Choice at 2nd, 5-4 (Groundball, 56, EV 86.2 MPH)
|
Batting: LHB Adam Jacobs
|
0-0: Called Strike 0-1: Swinging Strike 0-2: Strikes out swinging
|
Batting: LHB Yoshiya Kurokawa
|
0-0: Ball 1-0: Called Strike 1-1: Called Strike 1-2: Ball 2-2: Fielders Choice at 2nd, 6-4 (Groundball, 6, EV 88.1 MPH)
|
Top of the 2nd over - 0 runs, 0 hits, 0 errors, 1 left on base; Hagerstown 0 - Peoria 0 |
BOTTOM OF THE 2ND |
Peoria Chiefs batting - Pitching for Hagerstown Suns : RHP Chris Close
|
Batting: SHB Jason Kirby
|
0-0: Ball 1-0: SINGLE (Line Drive, 9S, EV 105.6 MPH)
|
Batting: LHB Adam Eisen
|
0-0: Called Strike 0-1: Ball 1-1: Ball 2-1: Called Strike Jason Kirby steals 2nd base (no throw) 2-2: SINGLE (Groundball, 4M, EV 83.8 MPH) (infield hit) Jason Kirby to third
|
Batting: RHB Mike Zimmerly
|
0-0: Ball 1-0: Fielders Choice at 2nd, 5-4 (Groundball, 56, EV 80.6 MPH) Jason Kirby scores
|
Batting: RHB Francisco Vargas
|
0-0: Ball Mike Zimmerly is caught stealing 2nd base 2-4 1-0: Ball 2-0: Ground out 3-1 (Groundball, 34S, EV 82.5 MPH)
|
Bottom of the 2nd over - 1 run, 2 hits, 0 errors, 0 left on base; Hagerstown 0 - Peoria 1 |
TOP OF THE 3RD |
Hagerstown Suns batting - Pitching for Peoria Chiefs : RHP Kevon Jamison
|
Batting: RHB Travis Stanley
|
0-0: Called Strike 0-1: Swinging Strike 0-2: Ball 1-2: Foul Ball, location: 2F 1-2: Foul Ball, location: 2F 1-2: Ground out 6-3 (Groundball, 4M, EV 83.8 MPH)
|
Batting: RHB Joe Klein
|
0-0: Called Strike 0-1: Ball 1-1: Ball 2-1: Fly out, F7 (Flyball, 78M, EV 91.9 MPH)
|
Batting: RHB Victor Cintron
|
0-0: Called Strike 0-1: Ball 1-1: Hit by Pitch
|
Batting: SHB Gabe Fraunfelder
|
0-0: Foul Ball, location: 2F 0-1: Ball 1-1: Ball 2-1: Called Strike 2-2: Fielders Choice at 2nd, 5-4 (Groundball, 5, EV 107.5 MPH)
|
Top of the 3rd over - 0 runs, 0 hits, 0 errors, 1 left on base; Hagerstown 0 - Peoria 1 |
BOTTOM OF THE 3RD |
Peoria Chiefs batting - Pitching for Hagerstown Suns : RHP Chris Close
|
Batting: RHB Tim Cleary
|
0-0: Called Strike 0-1: Fly out, F7 (Flyball, 7LM, EV 73.1 MPH)
|
Batting: RHB Francisco de la Cruz
|
0-0: Ground out 6-3 (Groundball, 6M, EV 109.4 MPH)
|
Batting: LHB Ken Compton
|
0-0: Ball 1-0: Ball 2-0: Ball 3-0: Base on Balls
|
Batting: LHB Ichiro Toyota
|
0-0: Ball 1-0: Called Strike Ken Compton steals 2nd base 1-1: Fly out, F4 (Flyball, 4MD, EV 83.8 MPH)
|
Bottom of the 3rd over - 0 runs, 0 hits, 0 errors, 1 left on base; Hagerstown 0 - Peoria 1 |
TOP OF THE 4TH |
Hagerstown Suns batting - Pitching for Peoria Chiefs : RHP Kevon Jamison
|
Batting: RHB Jim Miske
|
0-0: Ball 1-0: Called Strike 1-1: Ball 2-1: DOUBLE (Line Drive, 7LM, EV 106.2 MPH)
|
Batting: LHB Nate Melendez
|
0-0: Called Strike 0-1: Ball 1-1: Ball 2-1: Foul Ball, location: 2F 2-2: Foul Ball, location: 2F 2-2: Foul Ball, location: 2F 2-2: Foul Ball, location: 2F 2-2: SINGLE (Flyball, 4D, EV 93.8 MPH) Jim Miske to third
|
Batting: RHB Slavik Nebrodov
|
0-0: Ball 1-0: Ball 2-0: Swinging Strike 2-1: Called Strike 2-2: Fly out, F8 (Flyball, 8RD, EV 95.0 MPH) Runner from 3rd tags up, SCORES, throw by CF
|
Batting: LHB Adam Jacobs
|
0-0: Ball 1-0: Foul Ball, location: 2F 1-1: Ball Nate Melendez steals 2nd base 2-1: Ball 3-1: Ground out U3 (Groundball, 3L, EV 88.1 MPH) Nate Melendez to third
|
Batting: LHB Yoshiya Kurokawa
|
0-0: Ball 1-0: Called Strike 1-1: SINGLE (Line Drive, 78S, EV 91.9 MPH) Nate Melendez scores
|
Batting: RHB Travis Stanley
|
0-0: Swinging Strike 0-1: Fly out, F7 (Flyball, 7LS, EV 73.8 MPH)
|
Top of the 4th over - 2 runs, 3 hits, 0 errors, 1 left on base; Hagerstown 2 - Peoria 1 |
BOTTOM OF THE 4TH |
Peoria Chiefs batting - Pitching for Hagerstown Suns : RHP Chris Close
|
Batting: RHB Mark Cahill
|
0-0: Ball 1-0: Ball 2-0: Ball 3-0: Called Strike 3-1: Called Strike 3-2: SOLO HOME RUN (Flyball, 89XD, EV 98.8 MPH), Distance : 403 ft
|
Batting: SHB Jason Kirby
|
0-0: Swinging Strike 0-1: Ball 1-1: Called Strike 1-2: Foul Ball, location: 2F 1-2: Foul Ball, location: 2F 1-2: Ball 2-2: Ball 3-2: Fly out, F8 (Flyball, 8LXD, EV 107.5 MPH)
|
Batting: LHB Adam Eisen
|
0-0: Foul Ball, location: 2F 0-1: Ball 1-1: Foul Ball, location: 2F 1-2: Fly out, F8 (Flyball, 89XD, EV 109.4 MPH)
|
Batting: RHB Mike Zimmerly
|
0-0: Ball 1-0: Fly out, F7 (Flyball, 7S, EV 73.1 MPH)
|
Bottom of the 4th over - 1 run, 1 hit, 0 errors, 0 left on base; Hagerstown 2 - Peoria 2 |
TOP OF THE 5TH |
Hagerstown Suns batting - Pitching for Peoria Chiefs : RHP Kevon Jamison
|
Batting: RHB Joe Klein
|
0-0: Called Strike 0-1: Swinging Strike 0-2: Ball 1-2: Strikes out swinging
|
Batting: RHB Victor Cintron
|
0-0: Swinging Strike 0-1: Ball 1-1: Ground out 4-3 (Groundball, 4M, EV 81.2 MPH)
|
Batting: SHB Gabe Fraunfelder
|
0-0: Foul Ball, location: 2F 0-1: Foul Ball, location: 2F 0-2: Foul Ball, location: 2F 0-2: Ball 1-2: Ball 2-2: SINGLE (Groundball, 34D, EV 100.6 MPH)
|
Pitching: LHP Sean Cerna
|
|
Batting: RHB Jim Miske
|
0-0: Called Strike 0-1: Foul Ball, location: 2F 0-2: Ball 1-2: Foul Ball, location: 2F 1-2: Ball 2-2: Ball Gabe Fraunfelder is caught stealing 2nd base 2-4
|
Top of the 5th over - 0 runs, 1 hit, 0 errors, 0 left on base; Hagerstown 2 - Peoria 2 |
BOTTOM OF THE 5TH |
Peoria Chiefs batting - Pitching for Hagerstown Suns : RHP Chris Close
|
Batting: RHB Francisco Vargas
|
0-0: Called Strike 0-1: Ball 1-1: Ball 2-1: Called Strike 2-2: Foul Ball, location: 2F 2-2: Foul Ball, location: 2F 2-2: Ball 3-2: Foul Ball, location: 2F 3-2: Foul Ball, location: 2F 3-2: Foul Ball, location: 2F 3-2: Foul Ball, location: 2F 3-2: Base on Balls
|
Batting: RHB Tim Cleary
|
0-0: Ball 1-0: Fielders Choice at 2nd, 4-6 (Groundball, 34, EV 88.8 MPH)
|
Batting: RHB Francisco de la Cruz
|
0-0: Called Strike 0-1: Ball 1-1: Ball 2-1: Ball Tim Cleary steals 2nd base (no throw) 3-1: Swinging Strike 3-2: Foul Ball, location: 2F 3-2: Foul Ball, location: 2F 3-2: Ground out 4-3 (Groundball, 4, EV 78.8 MPH) Tim Cleary to third
|
Batting: LHB Ken Compton
|
0-0: Ground out 4-3 (Groundball, 4, EV 83.8 MPH)
|
Bottom of the 5th over - 0 runs, 0 hits, 0 errors, 1 left on base; Hagerstown 2 - Peoria 2 |
TOP OF THE 6TH |
Hagerstown Suns batting - Pitching for Peoria Chiefs : LHP Sean Cerna
|
Batting: RHB Jim Miske
|
0-0: Ball 1-0: Foul Ball, location: 2F 1-1: Swinging Strike 1-2: Ball 2-2: Strikes out swinging
|
Batting: LHB Nate Melendez
|
0-0: Foul Ball, location: 2F 0-1: Swinging Strike 0-2: Strikes out swinging
|
Batting: RHB Slavik Nebrodov
|
0-0: Called Strike 0-1: Foul Ball, location: 2F 0-2: DOUBLE (Line Drive, 9LS, EV 106.9 MPH)
|
Batting: LHB Adam Jacobs
|
0-0: Ball 1-0: Ball 2-0: Foul Ball, location: 2F 2-1: Ground out 6-3 (Groundball, 6, EV 101.9 MPH)
|
Top of the 6th over - 0 runs, 1 hit, 0 errors, 1 left on base; Hagerstown 2 - Peoria 2 |
BOTTOM OF THE 6TH |
Peoria Chiefs batting - Pitching for Hagerstown Suns : RHP Chris Close
|
Batting: LHB Ichiro Toyota
|
0-0: Ball 1-0: Ball 2-0: Ball 3-0: Called Strike 3-1: Base on Balls
|
Batting: RHB Mark Cahill
|
0-0: Called Strike 0-1: DOUBLE (Flyball, 8RXD, EV 93.8 MPH) Ichiro Toyota to third
|
Batting: SHB Jason Kirby
|
0-0: Ball 1-0: Ball 2-0: Ball 3-0: Called Strike 3-1: Foul Ball, location: 2F 3-2: SINGLE (Groundball, 4, EV 90.6 MPH) (infield hit) Ichiro Toyota scores Mark Cahill to third
|
Batting: LHB Adam Eisen
|
0-0: Ball 1-0: Ball 2-0: Ball 3-0: Base on Balls Jason Kirby to second
|
Batting: RHB Mike Zimmerly
|
0-0: Ball 1-0: Ball 2-0: Called Strike 2-1: Ball Wild Pitch! Mark Cahill scores Jason Kirby to third Adam Eisen to second 3-1: Foul Ball, location: 2F 3-2: Base on Balls
|
Pitching: RHP Manny Arguelles
|
|
Batting: RHB Francisco Vargas
|
0-0: Ball 1-0: Called Strike 1-1: Foul Ball, location: 2F 1-2: Foul Ball, location: 2F 1-2: Foul Ball, location: 2F 1-2: Foul Ball, location: 2F 1-2: Grounds into fielders choice 4-2 (Groundball, 4MS, EV 66.2 MPH) Adam Eisen to third Mike Zimmerly to second
|
Batting: RHB Tim Cleary
|
0-0: Called Strike 0-1: Foul Ball, location: 2F 0-2: Strikes out swinging
|
Batting: RHB Francisco de la Cruz
|
0-0: Called Strike 0-1: Foul Ball, location: 2F 0-2: SINGLE (Groundball, P, EV 87.5 MPH) (infield hit) Adam Eisen scores Mike Zimmerly to third Francisco Vargas to second
|
Batting: LHB Ken Compton
|
0-0: Fielders Choice at 2nd, 5-4 (Groundball, 6, EV 80.0 MPH)
|
Bottom of the 6th over - 3 runs, 3 hits, 0 errors, 3 left on base; Hagerstown 2 - Peoria 5 |
TOP OF THE 7TH |
Hagerstown Suns batting - Pitching for Peoria Chiefs : LHP Sean Cerna
|
Pitching: LHP Carlos Salcido
|
|
Batting: LHB Yoshiya Kurokawa
|
0-0: Ball 1-0: Foul Ball, location: 2F 1-1: Ball 2-1: Foul Ball, location: 2F 2-2: Strikes out swinging
|
Batting: RHB Travis Stanley
|
0-0: Called Strike 0-1: Called Strike 0-2: Ball 1-2: Strikes out swinging
|
Batting: RHB Joe Klein
|
0-0: Ball 1-0: Called Strike 1-1: Swinging Strike 1-2: Foul Ball, location: 2F 1-2: Ball 2-2: Ball 3-2: Strikes out swinging
|
Top of the 7th over - 0 runs, 0 hits, 0 errors, 0 left on base; Hagerstown 2 - Peoria 5 |
BOTTOM OF THE 7TH |
Peoria Chiefs batting - Pitching for Hagerstown Suns : RHP Manny Arguelles
|
Pitching: RHP Brent Wainwright
|
|
Batting: LHB Ichiro Toyota
|
0-0: Ball 1-0: Called Strike 1-1: Ball 2-1: Ball 3-1: Called Strike 3-2: Fly out, F6 (Popup, 6MS, EV 80.0 MPH)
|
Batting: RHB Mark Cahill
|
0-0: Ball 1-0: Swinging Strike 1-1: Foul Ball, location: 2F 1-2: Fly out, F7 (Flyball, 7LS, EV 85.0 MPH)
|
Batting: SHB Jason Kirby
|
0-0: Ball 1-0: Reached on error, E3 (Groundball, 3, EV 85.6 MPH)
|
Batting: LHB Adam Eisen
|
0-0: Called Strike Jason Kirby steals 2nd base (no throw) 0-1: Ball 1-1: Ball 2-1: Foul Ball, location: 2F 2-2: Fly out, F3 (Flyball, 3D, EV 83.8 MPH)
|
Bottom of the 7th over - 0 runs, 0 hits, 1 error, 1 left on base; Hagerstown 2 - Peoria 5 |
TOP OF THE 8TH |
Hagerstown Suns batting - Pitching for Peoria Chiefs : LHP Carlos Salcido
|
Batting: RHB Victor Cintron
|
0-0: Swinging Strike 0-1: Foul Ball, location: 2F 0-2: Ball 1-2: Strikes out swinging, 2-3 out at first.
|
Batting: SHB Gabe Fraunfelder
|
0-0: Fly out, F8 (Flyball, 78M, EV 78.8 MPH)
|
Batting: RHB Jim Miske
|
0-0: Ball 1-0: Ball 2-0: Ball 3-0: Swinging Strike 3-1: Ground out 6-3 (Groundball, 6, EV 85.0 MPH)
|
Top of the 8th over - 0 runs, 0 hits, 0 errors, 0 left on base; Hagerstown 2 - Peoria 5 |
BOTTOM OF THE 8TH |
Peoria Chiefs batting - Pitching for Hagerstown Suns : RHP Brent Wainwright
|
Pitching: RHP Gilberto Ricalde
|
|
Batting: RHB Mike Zimmerly
|
0-0: Foul Ball, location: 2F 0-1: Ground out 4-3 (Groundball, 4, EV 85.0 MPH)
|
Batting: RHB Francisco Vargas
|
0-0: Ball 1-0: Fly out, F8 (Flyball, 8RD, EV 91.9 MPH)
|
Batting: RHB Tim Cleary
|
0-0: SINGLE (Groundball, 25, EV 65.6 MPH) (infield hit)
|
Batting: RHB Francisco de la Cruz
|
0-0: Called Strike 0-1: Ball Tim Cleary steals 2nd, throwing error, E2 Tim Cleary to third 1-1: Ball 2-1: Foul Ball, location: 2F 2-2: DOUBLE (Line Drive, 7LM, EV 98.1 MPH) Tim Cleary scores
|
Batting: LHB Ken Compton
|
0-0: Ball Wild Pitch! Francisco de la Cruz to third 1-0: 2-RUN HOME RUN (Flyball, 89XD, EV 111.9 MPH), Distance : 408 ft
|
Batting: LHB Ichiro Toyota
|
0-0: Ball 1-0: Foul Ball, location: 2F 1-1: Foul Ball, location: 2F 1-2: Ball 2-2: Ball 3-2: Base on Balls
|
Pitching: RHP Salvador Medina
|
|
Batting: RHB Mark Cahill
|
0-0: Ball Ichiro Toyota steals 2nd base (no throw) 1-0: Foul Ball, location: 2F 1-1: Foul Ball, location: 2F 1-2: Ball 2-2: Foul Ball, location: 2F 2-2: Ground out 6-3 (Groundball, 56, EV 80.6 MPH)
|
Bottom of the 8th over - 3 runs, 3 hits, 1 error, 1 left on base; Hagerstown 2 - Peoria 8 |
TOP OF THE 9TH |
Hagerstown Suns batting - Pitching for Peoria Chiefs : LHP Carlos Salcido
|
Batting: LHB Nate Melendez
|
0-0: Called Strike 0-1: Ball 1-1: Swinging Strike 1-2: Strikes out swinging
|
Batting: RHB Slavik Nebrodov
|
0-0: Called Strike 0-1: Ball 1-1: Ball 2-1: SINGLE (Line Drive, 8LS, EV 108.8 MPH)
|
Pitching: RHP Ed Puentes
|
|
Batting: LHB Adam Jacobs
|
0-0: Ball 1-0: Called Strike 1-1: Called Strike 1-2: Foul Ball, location: 2F 1-2: Hit by Pitch Slavik Nebrodov to second
|
Batting: LHB Yoshiya Kurokawa
|
0-0: Ball 1-0: Foul Ball, location: 2F 1-1: Foul Ball, location: 2F 1-2: Foul Ball, location: 2F 1-2: 3-RUN HOME RUN (Flyball, 9D, EV 96.2 MPH), Distance : 371 ft
|
Batting: RHB Travis Stanley
|
0-0: Foul Ball, location: 2F 0-1: Foul Ball, location: 2F 0-2: Ball 1-2: Strikes out swinging
|
Batting: RHB Joe Klein
|
0-0: Fly out, F3 (Popup, 34, EV 69.4 MPH)
|
Top of the 9th over - 3 runs, 2 hits, 0 errors, 0 left on base; Hagerstown 5 - Peoria 8 |
|